[Event "*** Titled Tuesday Blitz"]
[Site "Chess.com"]
[Date "2020.10.27"]
[Round "5"]
[White "Sibelephant"]
[Black "Corre_por_tu_vida"]
[Result "1-0"]
[WhiteElo "3076"]
[BlackElo "2563"]
[TimeControl "180+1"]
[EndTime "10:56:38 PDT"]
[Termination "Sibelephant won by checkmate"]

1. d4 d5 2. Nf3 Nf6 3. Bf4 g6 4. e3 Bg7 5. Nbd2 O-O 6. Be2 b6 7. O-O Bb7 8. c3 c5 9. Ne5 Nc6 10. a4 Nd7 11. Nxd7 Qxd7 12. Nf3 Rfe8 13. a5 e5 14. Nxe5 Nxe5 15. dxe5 Bxe5 16. Bxe5 Rxe5 17. axb6 axb6 18. Rxa8+ Bxa8 19. Bf3 Bc6 20. Qb3 b5 21. Rd1 Kg7 22. h3 h5 23. Qa3 Qe7 24. b4 c4 25.
Rd4 Rg5 26. Qc1 Qf6 27. Rf4 Qe5 28. Qd2 Rf5 29. Rd4 Qe6 30. h4 Re5 31. g3 Rf5 32. Bg2 Re5 33. Rf4 Rf5 34. Bh3 Qe5 35. Bxf5 gxf5 36. Qd4 Kf6 37. f3 Bd7 38. Kf2 Be6 39. Qxe5+ Kxe5 40. Rd4 Kd6 41. Rd1 Kc7 42. Ra1 Kb7 43. Ke2 Bd7 44. Rd1 Be6 45. Rd4 Kc6 46. e4 fxe4 47. fxe4 Kd6 48. Ke3 Ke5 49. exd5 Bxd5 50.
Rd2 Be6 51. Rd8 Kf5 52. Rg8 f6 53. Rb8 Bd7 54. Rb6 Be8 55. Kd4 Kg4 56. Rb8 Bd7 57. Rd8 Bc6 58. Kc5 Be4 59. Rg8+ Kf5 60. Kxb5 Bd3 61. Kc5 Ke5 62. b5 Be4 63. Re8+ Kf5 64.
Rxe4 Kxe4 65. b6 Kd3 66. b7 Kxc3 67. b8=Q Kd3 68. Qd6+ Ke3 69. Qd4+ Kf3 70. Qf4+ Kg2 71. Kxc4 f5 72. Kd5 Kh2 73. Ke5 Kh3 74. Kxf5 Kh2 75.
Qf3 Kh3 76. Kf4 Kh2 77. Qe2+ Kh3 78. Qxh5 Kh2 79. Kf3 Kh3 80. Qf5+ Kh2 81. Qc2+ Kh3 82. Qg2# 1-0

[Event "*** Titled Tuesday Blitz"]
[Site "Chess.com"]
[Date "2020.10.27"]
[Round "5"]
[White "shineatchess"]
[Black "Th3_Hound"]
[Result "0-1"]
[WhiteElo "2193"]
[BlackElo "2505"]
[TimeControl "180+1"]
[EndTime "10:56:38 PDT"]
[Termination "Th3_Hound won by checkmate"]

1. e4 e5 2. Nf3 Nc6 3. Nc3 Nf6 4. Bb5 Bd6 5. d3 h6 6. a3 a6 7. Ba4 O-O 8. O-O b5 9. Bb3 Bc5 10. Be3 Bxe3 11. fxe3 d6 12. Qe1 Rb8 13. Nh4 Na5 14. Ba2 c5 15. Ng6 Re8 16. Nd5 Nxd5 17. Bxd5 Be6 18.
Bxe6 Rxe6 19. Nh4 g6 20. Rf3 Nc6 21. Qg3 Qg5 22. Qh3 Rb7 23. Rg3 Qh5 24. Rf1 Re8 25.
Nxg6 Qxh3 26. gxh3 fxg6 27. Rf6 Ne7 28. Rxd6 c4 29.
Rxa6 cxd3 30. cxd3 Rd7 31. Re6 Kf7 32. Rxe5 Rc8 33.
Rxb5 Rxd3 34. Rf3+ Ke6 35. Rb6+ Ke5 36. Rb7 Kxe4 37.
Rg3 Nf5 38. Rb4+ Ke5 39. Rxg6 Rc1+ 40. Kf2 Rc2+ 41. Kf3 Rxe3+ 42. Kg4 Rg2+ 43. Kh5 Rxh3+ 44. Rh4 Rxh4# 0-1

[Event "*** Titled Tuesday Blitz"]
[Site "Chess.com"]
[Date "2020.10.27"]
[Round "5"]
[White "PlotnikovPavel"]
[Black "Morshynska"]
[Result "0-1"]
[WhiteElo "2355"]
[BlackElo "2216"]
[TimeControl "180+1"]
[EndTime "10:56:38 PDT"]
[Termination "Morshynska won by checkmate"]

1. e4 e5 2. Nf3 Nc6 3. Nc3 Nf6 4.
Be2 g6 5. d4 exd4 6. Nxd4 Bg7 7. Be3 O-O 8. O-O Re8 9. Bf3 Ne5 10. h3 Nxf3+ 11. Qxf3 d6 12. Rad1 a6 13. a4 Qe7 14.
Bg5 Qe5 15. Bf4 Qh5 16. Qxh5 Nxh5 17. Be3 Nf6 18. f3 d5 19. Bg5 dxe4 20. Bxf6 Bxf6 21.
Nxe4 Be5 22. c3 Bd7 23. a5 Rad8 24. Nc5 Bc8 25. Kf2 Rd5 26. Ne4 Red8 27. Ke3 c5 28.
Nxc5 Rxc5 29. f4 Bxd4+ 30. Rxd4 Rxd4 31. Kxd4 Rxa5 32. Re1 Be6 33. g4 h5 34. gxh5 Rxh5 35. Re3 Rf5 36. Rf3 g5 37. Rf2 Rxf4+ 38. Rxf4 gxf4 39.
Ke4 Bxh3 40. Kxf4 Bg2 41. b4 Bd5 42. c4 Bxc4 43. b5 Bxb5 44. Ke5 Bc6 45. Kf6 Kf8 46. Ke5 Ke7 47. Kf5 f6 48. Kf4 Kf7 49. Kg4 Ke6 50. Kf4 f5 51. Kg5 Ke5 52. Kg6 f4 53. Kg7 f3 54.
Kh6 f2 55. Kg6 f1=Q 56. Kg7 Qf6+ 57. Kh7 Qg5 58. Kh8 Kf6 59. Kh7 Qg7# 0-1

[Event "*** Titled Tuesday Blitz"]
[Site "Chess.com"]
[Date "2020.10.27"]
[Round "5"]
[White "GoltsevDmitry2000"]
[Black "Firouzja2003"]
[Result "0-1"]
[WhiteElo "2709"]
[BlackElo "3066"]
[TimeControl "180+1"]
[EndTime "10:56:41 PDT"]
[Termination "Firouzja2003 won by resignation"]

1. e4 e6 2. Nf3 b6 3. Nc3 Bb7 4. d4 Bb4 5. Bd3 d5 6. exd5 Qxd5 7. O-O Bxc3 8. bxc3 Nd7 9. Re1 Ngf6 10. Bf4 O-O-O 11.
c4 Qh5 12. Ne5 Nxe5 13. Bxe5 Qxd1 14. Raxd1 Ng4 15. c3 Nxe5 16. Rxe5 Rhe8 17. Be4 Ba6 18. Bc6 Re7 19. c5 f6 20. Ree1 bxc5 21. dxc5 Rxd1 22.
Rxd1 Bb7 23. Ba4 c6 24. Rd6 Kc7 25. Bc2 h6 26. h4 Bc8 27. Be4 Bd7 28. Rd4 f5 29.
Bc2 Bc8 30. Rd6 e5 31. Bb3 e4 32. g3 Bd7 33. Rg6 Be8 34. Rd6 Re5 35. Re6 Rxe6 36.
Bxe6 Bd7 37. Bc4 Kd8 38. Kf1 Ke7 39. Ke2 Kf6 40. Ke3 Ke5 41. Bb3 g5 42. hxg5 hxg5 43.
f4+ exf3 44. Kxf3 Be6 45. Bc2 Bxa2 46. Ba4 Bd5+ 47. Ke3 Be4 48. Bb3 a5 49. Ba4 f4+ 50.
gxf4+ gxf4+ 51. Ke2 Kd5 52. Bb3+ Kxc5 53. Ba2 Bd5 54.
Bb1 a4 55. Kf2 a3 0-1

[Event "*** Titled Tuesday Blitz"]
[Site "Chess.com"]
[Date "2020.10.27"]
[Round "5"]
[White "JoliyRoger"]
[Black "katchesskat"]
[Result "0-1"]
[WhiteElo "2388"]
[BlackElo "2247"]
[TimeControl "180+1"]
[EndTime "10:56:41 PDT"]
[Termination "katchesskat won on time"]

1. Nf3 c5 2. c4 e6 3. Nc3 a6 4. e3 Qc7 5. Be2 Nf6 6. O-O b6 7. d4 d6 8. d5 e5 9. e4 Bg4 10. Ne1 h5 11. Nd3 Be7 12. f4 exf4 13. Bxf4 Nbd7 14.
h3 Bxe2 15. Qxe2 g5 16. Bxg5 Rg8 17. Bf4 Ne5 18. Bxe5 dxe5 19. Rf5 Nd7 20. Raf1 f6 21. Qxh5+ Kd8 22. Qh7 Re8 23. d6 Qxd6 24. Nd5 b5 25.
b3 Rb8 26. Nb2 Nf8 27. Qh5 Ne6 28. cxb5 axb5 29. a4 c4 30. bxc4 bxc4 31. Nxc4 Qc5+ 32. Nce3 Nf4 33. R5xf4 exf4 34. Rxf4 Rb3 35. Rf3 Rb1+ 36. Rf1 Rxf1+ 37. Kxf1 Bd6 38. Qd1 Rxe4 39. Qd3 Rd4 40.
Qb3 Be5 41. a5 Qxa5 42. Kf2 Qd2+ 43. Kf3 Qd3 44. Qb6+ Kd7 45. Qb7+ Kd6 46. Qb8+ Kc5 47. Qc8+ Kb5 48. Qb7+ Ka4 49. Qb4+ Rxb4 50. Nxb4 Kxb4 0-1

[Event "*** Titled Tuesday Blitz"]
[Site "Chess.com"]
[Date "2020.10.27"]
[Round "5"]
[White "ailime26"]
[Black "tan275"]
[Result "0-1"]
[WhiteElo "1886"]
[BlackElo "2187"]
[TimeControl "180+1"]
[EndTime "10:56:42 PDT"]
[Termination "tan275 won on time"]

1. e4 c6 2. d4 d5 3. exd5 c5 4. Bd3 cxd4 5. Bb5+ Bd7 6. Bxd7+ Qxd7 7. Qxd4 e6 8. c4 Bb4+ 9. Nc3 Nf6 10. Qe5 O-O 11. Ne2 exd5 12. cxd5 Re8 13. Qd4 Bxc3+ 14. bxc3 Nxd5 15. c4 Qa4 16. Qxd5 Nc6 17. Be3 Nb4 18. Qb5 Nc2+ 19. Kd2 Rad8+ 20. Kc3 Qxb5 21. cxb5 Nxe3 22. Nd4 Nxg2 23. Rhg1 Nf4 24. Nf5 g6 25. Nh6+ Kg7 26.
Ng4 Ne2+ 27. Kc4 Nxg1 28. Rxg1 Re2 29. Kc5 Rc2+ 30. Kb4 Rxa2 31. Ne5 a5+ 32. Kc5 a4 33. Kb6 Re2 34. Nc4 Rd7 35. Na5 a3 36. Nxb7 a2 37.
Kc6 Rdd2 38. Nc5 Rb2 39. b6 Rb1 40. b7 Re8 41. Kd7 Rb8 42. Kc7 R8xb7+ 43. Nxb7 Rxg1 44. Nd6 a1=Q 45. Ne8+ Kf8 46. Nf6 Rc1+ 47. Kd7 Qxf6 0-1

[Event "*** Titled Tuesday Blitz"]
[Site "Chess.com"]
[Date "2020.10.27"]
[Round "5"]
[White "AldokhinIvan"]
[Black "brunomorado"]
[Result "0-1"]
[WhiteElo "2568"]
[BlackElo "2418"]
[TimeControl "180+1"]
[EndTime "10:56:44 PDT"]
[Termination "brunomorado won by resignation"]

1. e4 c5 2. Nf3 Nc6 3. d4 cxd4 4. Nxd4 e5 5. Nb5 d6 6. c4 Be7 7. N1c3 a6 8. Na3 Bg5 9. Bxg5 Qxg5 10. Qxd6 Nge7 11.
h4 Qg6 12. Qxg6 hxg6 13. O-O-O Be6 14. Nd5 O-O-O 15. Nxe7+ Nxe7 16. Rxd8+ Rxd8 17. Be2 Rh8 18. c5 g5 19. h5 g6 20. Nc4 Bxc4 21. Bxc4 gxh5 22.
Bxf7 h4 23. Rd1 Rd8 24. Be6+ Kc7 25. Rxd8 Kxd8 26. Kd2 Ng6 27. Ke3 Nf4 28. Bh3 g4 29.
Bxg4 Nxg2+ 30. Kf3 Nf4 31. Bf5 Nd3 32. b3 Nxc5 33. Ke3 Ke7 34. f4 exf4+ 35. Kxf4 Nd3+ 36. Kg5 Nc1 37. Kxh4 Nxa2 38. e5 Nc1 39. Bc2 Ke6 40.
Be4 b6 41. Kg3 Kxe5 42. Bc2 Kd4 43. Kf2 Kc3 44. Bd1 Nxb3 45. Ke3 a5 46. Bxb3 Kxb3 47. Kd3 a4 48. Kd2 Kb2 49. Kd3 a3 50. Kd4 a2 0-1

[Event "*** Titled Tuesday Blitz"]
[Site "Chess.com"]
[Date "2020.10.27"]
[Round "5"]
[White "azikom"]
[Black "CakeinSpace2002"]
[Result "0-1"]
[WhiteElo "2570"]
[BlackElo "2349"]
[TimeControl "180+1"]
[EndTime "10:56:47 PDT"]
[Termination "CakeinSpace2002 won on time"]

1. e4 c5 2. Nc3 Nc6 3. d3 g6 4. g3 Bg7 5. Bg2 d6 6. Be3 Nd4 7. Qd2 e5 8. Nd1 Ne7 9. c3 Ne6 10. Bh6 f5 11. Bxg7 Nxg7 12. Ne2 O-O 13. exf5 Ngxf5 14. O-O d5 15. Ne3 Be6 16. d4 cxd4 17.
cxd4 e4 18. Nf4 Qd7 19. Nxe6 Qxe6 20. Rfe1 Nxe3 21. Rxe3 Qb6 22. Rb3 Qc7 23. Rc1 Qd7 24. f3 exf3 25. Bxf3 Rac8 26. Rxc8 Qxc8 27. Kg2 b6 28.
Rc3 Qd7 29. Qe3 Nf5 30. Qe5 Rd8 31. Rc7 Qd6 32. Rxa7 Qxe5 33. dxe5 d4 34. Kf2 d3 35. Bd1 Re8 36. e6 Kh8 37. Bb3 Nd4 38. e7 Nc6 39. Ba4 d2 40. Rc7 Nxe7 41. Rd7 Rf8+ 42. Ke2 Nf5 43. Rxd2 Re8+ 0-1

[Event "*** Titled Tuesday Blitz"]
[Site "Chess.com"]
[Date "2020.10.27"]
[Round "5"]
[White "AndrewMaco"]
[Black "Fandorine"]
[Result "0-1"]
[WhiteElo "2657"]
[BlackElo "2855"]
[TimeControl "180+1"]
[EndTime "10:56:48 PDT"]
[Termination "Fandorine won by checkmate"]

1. e4 c5 2. Nf3 d6 3. d4 cxd4 4. Nxd4 Nf6 5. Nc3 a6 6. f3 e6 7. Be3 b5 8. Qd2 b4 9. Na4 Nbd7 10. c3 bxc3 11. Nxc3 Bb7 12. Be2 Be7 13. O-O O-O 14. Rfc1 Qb8 15. b4 Rc8 16. b5 axb5 17. Bxb5 Nc5 18. Rab1 Qa7 19. a4 Rab8 20. Bf1 Qa8 21.
Ndb5 Ne8 22. Qa2 Ba6 23. Qf2 Bf6 24. Bd4 Bxb5 25. Bxb5 Nc7 26. Bxf6 gxf6 27. Qg3+ Kh8 28. Qxd6 Qa7 29. Kh1 Rd8 30. Qf4 Kg7 31. e5 f5 32.
Qg5+ Kh8 33. Qf6+ Kg8 34. h4 Nd7 35. Qg5+ Kh8 36. Bxd7 Rxd7 37. h5 Ne8 38. h6 Rxb1 39.
Rxb1 Qc7 40. Qe3 f4 41. Qxf4 f5 42. Qe3 Qd8 43. Rc1 Rd3 44. Qf4 Rd4 45. Qe3 Qh4+ 46. Kg1 Qd8 47. Qf2 Rd3 48. Nb5 Qg5 49. Re1 Rd2 50.
Qe3 Qxg2# 0-1

[Event "*** Titled Tuesday Blitz"]
[Site "Chess.com"]
[Date "2020.10.27"]
[Round "5"]
[White "Mr_Sinigami"]
[Black "TheCavemanChesss"]
[Result "0-1"]
[WhiteElo "2470"]
[BlackElo "2518"]
[TimeControl "180+1"]
[EndTime "10:56:48 PDT"]
[Termination "TheCavemanChesss won on time"]

1. d4 Nf6 2. Nf3 d5 3. Bf4 c5 4. e3 Nc6 5. c3 Qb6 6. Qc1 Bf5 7. Nbd2 e6 8. h3 Rc8 9. Nb3 cxd4 10. Nbxd4 Bg6 11.
Be2 Be7 12. O-O O-O 13. Nxc6 bxc6 14. c4 Ne4 15. Ne5 Rfd8 16. Nxg6 hxg6 17. Qc2 Bf6 18. Rab1 a5 19. Rfc1 Qb4 20. Rd1 a4 21. Bf3 Nc5 22. b3 axb3 23. axb3 Ra8 24. Rdc1 Rac8 25. Qe2 e5 26. Bg3 d4 27. exd4 exd4 28. Bg4 Ra8 29. Bf3 d3 30. Qd1 d2 31. Rc2 Rd3 32. Bxc6 Rad8 33. Bd5 Rxb3 34. Rxb3 Nxb3 35. Bf4 Bc3 36. Kh2 Re8 37. Qf3 Nd4 38. Bxf7+ Kxf7 39. Qd5+ Re6 40. Bxd2 Nxc2 41. Bg5 Bf6 42. Bf4 Qe7 43. Bg3 Nd4 44.
c5 Nf5 45. Bd6 Qd7 46. c6 Qxd6+ 47. Qxd6 Rxd6 48. c7 Rc6 49. c8=Q Rxc8 0-1

[Event "*** Titled Tuesday Blitz"]
[Site "Chess.com"]
[Date "2020.10.27"]
[Round "5"]
[White "TigrVShlyape"]
[Black "Azerichess"]
[Result "1-0"]
[WhiteElo "2886"]
[BlackElo "2980"]
[TimeControl "180+1"]
[EndTime "10:56:50 PDT"]
[Termination "TigrVShlyape won by resignation"]

1. d4 Nf6 2. Nf3 g6 3. c3 Bg7 4.
Bg5 O-O 5. Nbd2 d6 6. e4 c5 7. dxc5 dxc5 8. Bc4 Nc6 9. O-O Qc7 10. Qe2 h6 11.
Bh4 Nh5 12. Bg3 Nxg3 13. hxg3 b6 14. Rfe1 Bb7 15. Ba6 Rad8 16. Bxb7 Qxb7 17. a4 Qc7 18. Nc4 Rd7 19. Nh2 Na5 20. Nxa5 bxa5 21. Red1 Rb8 22. Nf1 Rxd1 23. Rxd1 Qb7 24. Rd2 Qb3 25. Qa6 Rb7 26. Ne3 Qb6 27. Qxb6 axb6 28. Nc4 b5 29. axb5 Rxb5 30. Rd8+ Kh7 31. Ra8 Rb7 32.
Kf1 f5 33. Rxa5 Rc7 34. Ke2 fxe4 35. Ke3 g5 36. Kxe4 Kg6 37. g4 Bf6 38. f3 h5 39.
gxh5+ Kxh5 40. g3 Kg6 41. Rb5 Kf7 42. Kf5 Rc6 43. g4 Rc7 44. Ke4 Ke6 45. Rb6+ Kf7 46. Kd5 Rd7+ 47. Kxc5 Rd3 48. b4 Bxc3 49. Ra6 Bd4+ 50.
Kc6 Rxf3 51. b5 Ke6 52. b6 Bxb6 53. Rxb6 Rf4 54. Kc5+ Kf7 55. Ne5+ Kg7 56. Rg6+ Kh7 57. Rxg5 Kh6 58. Rh5+ Kg7 59. Kd5 Kf6 60. Rh6+ Kg5 61. Rg6+ Kh4 62. Ke6 1-0

[Event "*** Titled Tuesday Blitz"]
[Site "Chess.com"]
[Date "2020.10.27"]
[Round "5"]
[White "Oleksandr_Bortnyk"]
[Black "Rodalquilar"]
[Result "1-0"]
[WhiteElo "2913"]
[BlackElo "2749"]
[TimeControl "180+1"]
[EndTime "10:56:52 PDT"]
[Termination "Oleksandr_Bortnyk won on time"]

1. e4 d5 2. exd5 Qxd5 3. Nc3 Qa5 4. Nf3 Nf6 5. Be2 Nc6 6. d3 Bg4 7. h3 Bxf3 8. Bxf3 Qe5+ 9. Be3 e6 10. d4 Qa5 11. a3 O-O-O 12. b4 Qf5 13. Bxc6 bxc6 14. Qe2 Nd5 15. Qa6+ Kd7 16. Nxd5 Qxd5 17. O-O Qb5 18. Qxb5 cxb5 19. a4 a6 20. c3 Bd6 21.
axb5 axb5 22. Ra5 Rb8 23. Rfa1 Kc6 24. Rc1 Ra8 25. Rca1 Rxa5 26. Rxa5 Rb8 27. Kf1 Kd5 28. Ke2 Kc4 29. Kd2 Rb6 30. Kc2 Rc6 31. Ra8 e5 32. Rg8 g6 33. Rg7 f5 34. Rxh7 f4 35. dxe5 Bxe5 36.
Bd2 Ra6 37. Re7 Ra2+ 38. Kd1 Kd3 39. Rxe5 Rxd2+ 40. Ke1 Rc2 41. f3 Rxc3 42. Rxb5 Rc2 43. Kf1 c6 44. Rg5 Ke3 45. Re5+ Kd3 46. Re6 g5 47. Re5 Rb2 48. Rc5 Rb1+ 49. Kf2 Rb2+ 50. Kg1 Rc2 51. Rxg5 Ke3 52. h4 Rc4 53. Re5+ Kd2 54. Re4 Rc1+ 55. Kh2 1-0

[Event "*** Titled Tuesday Blitz"]
[Site "Chess.com"]
[Date "2020.10.27"]
[Round "5"]
[White "deep306"]
[Black "Ind1anStar"]
[Result "1-0"]
[WhiteElo "2597"]
[BlackElo "2409"]
[TimeControl "180+1"]
[EndTime "10:56:56 PDT"]
[Termination "deep306 won by resignation"]

1. e4 e6 2. d4 d5 3. Nc3 Nf6 4. e5 Nfd7 5. Nce2 c5 6. c3 Nc6 7. Nf3 Qb6 8. g3 f6 9. exf6 Nxf6 10. Bg2 Bd6 11. O-O O-O 12. Bf4 Bxf4 13. Nxf4 cxd4 14. Nxd4 Nxd4 15. Qxd4 Qxb2 16. Rfe1 Bd7 17. Rab1 Qxa2 18. Rxb7 Rfb8 19. Rxd7 Nxd7 20. Nxe6 Nf6 21. h3 Rb1 22. Rxb1 Qxb1+ 23. Kh2 Qf5 24. Nc7 Rd8 25. g4 Qd7 26. Qe5 Qxg4 27. Ne6 Re8 28. Bxd5 Kh8 29.
Qxf6 Qxh3+ 30. Kxh3 gxf6 31. c4 Re7 32. c5 h5 33. f4 a5 34. f5 a4 35. c6 a3 36.
c7 Rxc7 37. Nxc7 Kh7 38. Ne6 a2 39. Bxa2 Kh6 40. Kh4 Kh7 41. Kxh5 Kh8 42. Nf4 Kh7 43. Bb1 Kg7 44. Ne6+ Kh7 45. Nf8+ Kg7 46. Nd7 Kf7 47. Kh6 Ke7 48. Nb8 Kf7 49. Kh7 Ke7 50. Kg7 Ke8 51.
Kxf6 Kf8 52. Nd7+ Kg8 53. Ne5 Kh7 54. Ke7 Kh6 55. f6 Kg5 56. f7 Kh4 1-0

[Event "*** Titled Tuesday Blitz"]
[Site "Chess.com"]
[Date "2020.10.27"]
[Round "5"]
[White "Kaliopa"]
[Black "canary2016"]
[Result "1-0"]
[WhiteElo "2209"]
[BlackElo "1953"]
[TimeControl "180+1"]
[EndTime "10:56:58 PDT"]
[Termination "Kaliopa won by resignation"]

1. e4 c5 2. Nf3 d6 3. d4 cxd4 4. Nxd4 Nf6 5. Nc3 a6 6. Be3 e5 7.
Nf3 Be6 8. Qd2 Be7 9. h3 h5 10.
Be2 Nbd7 11. O-O Nb6 12. b3 Rc8 13. Bd3 Qc7 14. Ne2 O-O 15. c4 Nbd7 16. Rac1 Nc5 17. Nc3 Nxd3 18. Qxd3 Rfd8 19. Nd5 Qb8 20. Bb6 Re8 21.
Rfd1 Bxd5 22. cxd5 Rxc1 23. Rxc1 Rc8 24. Re1 Bd8 25. Be3 Rc7 26. Bd2 Qc8 27. Rd1 Rc2 28. a4 Bb6 29. Ne1 Rc7 30. a5 Bd4 31. Nf3 Ba7 32.
Ne1 Qd8 33. Nf3 Qc8 34. Bb4 Rc2 35. Bxd6 Rxf2 36. Kh1 Qc2 37. Qxc2 Rxc2 38. Bxe5 Nxe4 39. Kh2 Bf2 40. d6 Rc8 41. d7 Rd8 42. Bc7 Bg3+ 43. Bxg3 Nxg3 44. Kxg3 Kf8 45. Ne5 Ke7 46. Re1 g6 47. Nc6+ Kxd7 48. Nxd8 Kxd8 49. Kf4 Kc7 50. Ke5 Kc6 51. b4 b6 52. axb6 Kxb6 53. Kf6 a5 54.
bxa5+ Kxa5 55. Kxf7 Kb5 56. Kxg6 Kc5 57. Kxh5 Kd5 58.
g4 Kd4 59. g5 Kd5 60. g6 Kd6 61. g7 Kd5 62. g8=Q+ Kd4 63. Qd8+ 1-0

[Event "*** Titled Tuesday Blitz"]
[Site "Chess.com"]
[Date "2020.10.27"]
[Round "5"]
[White "QuintilianoR"]
[Black "redbaron8888"]
[Result "0-1"]
[WhiteElo "2661"]
[BlackElo "2507"]
[TimeControl "180+1"]
[EndTime "10:56:59 PDT"]
[Termination "redbaron8888 won on time"]

1. e4 c5 2. Nf3 d6 3. c3 Nf6 4. h3 Bd7 5. d3 g6 6. Be2 Bg7 7.
O-O O-O 8. Re1 e5 9. a3 Nc6 10. b4 b6 11. Bb2 Rc8 12. Bf1 Re8 13. Nbd2 h6 14. Nc4 Qc7 15. b5 Nb8 16. a4 Be6 17.
Rc1 Nh7 18. d4 exd4 19. cxd4 d5 20. exd5 Bxd5 21. Rxe8+ Rxe8 22. dxc5 Bxf3 23. Qxf3 Bxb2 24. Nxb2 bxc5 25. Qc3 Nd7 26. Nd3 Rc8 27. Nb4 Nhf6 28. Nc6 Re8 29. Rd1 Ne4 30. Qe3 Kg7 31. Bc4 Nb6 32. Bb3 c4 33. Bc2 Nf6 34. Qd4 Re6 35. a5 Nd5 36. Qxa7 Qf4 37. Qd4 Qg5 38. a6 Nf4 39.
Qxf4 Qxf4 40. a7 Re2 41. Rf1 Re8 42. Ra1 Ra8 43. Bd1 Qc7 44. Bf3 c3 45. Rc1 Rxa7 46. Nxa7 Qxa7 47. Kh2 Qc5 48. b6 Qxb6 49. Rxc3 Qxf2 50.
Rd3 Qc2 51. Rd1 h5 52. Kg1 Qc5+ 53. Kh1 g5 54. Rf1 g4 55. hxg4 hxg4 56. Bd1 Qh5+ 57. Kg1 Qc5+ 58. Kh1 g3 59. Bf3 Qd4 0-1

[Event "*** Titled Tuesday Blitz"]
[Site "Chess.com"]
[Date "2020.10.27"]
[Round "5"]
[White "Zmof"]
[Black "Qvalda"]
[Result "1-0"]
[WhiteElo "2200"]
[BlackElo "2378"]
[TimeControl "180+1"]
[EndTime "10:56:59 PDT"]
[Termination "Zmof won on time"]

1. e4 g6 2. d4 Bg7 3. c3 d6 4.
Bd3 Nf6 5. Nf3 O-O 6. O-O c5 7. Re1 cxd4 8. cxd4 Bg4 9. Nbd2 Nc6 10. h3 Bxf3 11.
Nxf3 Rc8 12. Be3 Qa5 13. Qd2 Qxd2 14. Bxd2 Nd7 15. Be3 Nb4 16. Bb1 Nc2 17. Bxc2 Rxc2 18. Rab1 Rfc8 19. Rec1 e6 20. Kf1 Nb6 21. Ke1 d5 22. e5 Bf8 23. Kd1 Rxc1+ 24. Rxc1 Rxc1+ 25. Kxc1 Be7 26. Kc2 Kf8 27. b3 Ke8 28. Bd2 Kd7 29. Ba5 Nc8 30. Bd2 f6 31. exf6 Bxf6 32. Bf4 a6 33. Be5 Be7 34. Kd3 Na7 35. g4 Nc6 36. a4 Bd8 37. Nd2 Bh4 38. f4 Bd8 39.
Nf3 Be7 40. h4 Na5 41. Kc2 Nc6 42. h5 b5 43. axb5 axb5 44. hxg6 hxg6 45. g5 Bb4 46.
Nh4 Ne7 47. Bf6 Bd6 48. Bxe7 Kxe7 49. Nxg6+ Kf7 50. Ne5+ Bxe5 51. dxe5 Kg6 52. Kd3 Kf5 53.
Kd4 Kg6 54. Kc5 Kf5 55. Kxb5 d4 56. Kc4 Ke4 57. g6 d3 58. g7 d2 59. g8=Q d1=Q 60.
Qxe6 Qd3+ 61. Kc5 Qe3+ 62. Kc6 1-0

[Event "*** Titled Tuesday Blitz"]
[Site "Chess.com"]
[Date "2020.10.27"]
[Round "5"]
[White "WanderingPuppet"]
[Black "HouseOfDurin"]
[Result "1-0"]
[WhiteElo "2502"]
[BlackElo "2174"]
[TimeControl "180+1"]
[EndTime "10:57:02 PDT"]
[Termination "WanderingPuppet won by checkmate"]

1. e4 c5 2. Nf3 Nc6 3. d4 cxd4 4.
Nxd4 a6 5. Nb3 g6 6. h4 h5 7. Nc3 Bg7 8. Bg5 Nf6 9. Qd2 d6 10. f3 Be6 11. O-O-O Ne5 12. Nd4 Bc4 13. f4 Bxf1 14. Rhxf1 Nc4 15. Qe2 b5 16. e5 Ng4 17.
exd6 f6 18. Ne6 Qd7 19. dxe7 Qxe7 20. Nxg7+ Kf7 21. Qxe7+ Kxe7 22. Rfe1+ Nce3 23. Nd5+ Kf7 24. Nxe3 Nxe3 25. Rd7+ Kg8 26. Rxe3 fxg5 27. fxg5 Rh7 28. Ree7 Rf8 29. Ne6 Rxe7 30. Rxe7 Rf1+ 31. Kd2 Rf2+ 32. Kc3 Rxg2 33. Rg7+ Kh8 34. Rxg6 Rg4 35. Rh6+ Kg8 36. Rxh5 Kf7 37. Nd4 Rg3+ 38. Kd2 Rg2+ 39. Ne2 b4 40. Rh6 Kg7 41. Rxa6 Rf2 42. Rb6 Kf7 43. Rxb4 Rh2 44. Rf4+ Kg8 45. c3 Kh7 46. a4 Rh1 47. b4 Rb1 48. a5 Ra1 49. Kd3 Ra2 50. Nd4 Ra1 51. h5 Rd1+ 52. Kc4 Rh1 53. g6+ Kh6 54. Rf8 Rxh5 55.
Rh8+ Kxg6 56. Rxh5 Kxh5 57. a6 Kg6 58. a7 Kf7 59.
a8=Q Kf6 60. Qd5 Kg6 61. b5 Kf6 62. b6 Ke7 63. b7 Kf6 64. b8=Q Kg6 65. Qb6+ Kg7 66.
Qd7+ Kf8 67. Qbd8# 1-0

[Event "*** Titled Tuesday Blitz"]
[Site "Chess.com"]
[Date "2020.10.27"]
[Round "5"]
[White "Ze-Pequeno"]
[Black "Rytenko_V"]
[Result "1-0"]
[WhiteElo "2327"]
[BlackElo "2521"]
[TimeControl "180+1"]
[EndTime "10:57:05 PDT"]
[Termination "Ze-Pequeno won by checkmate"]

1. e4 e6 2. d4 d5 3. Nc3 Bb4 4. e5 Ne7 5. a3 Bxc3+ 6. bxc3 b6 7. Qg4 O-O 8. h4 Kh8 9. Nf3 Ba6 10. Bxa6 Nxa6 11. Rh3 Qe8 12. Rg3 Nf5 13. Rh3 c5 14.
Qf4 f6 15. g4 Ne7 16. exf6 Rxf6 17. Qe3 cxd4 18. cxd4 Rc8 19. Qd3 Nb8 20. Bg5 Rf8 21. h5 Nbc6 22. h6 g6 23. Kf1 Qf7 24. Re1 Kg8 25.
Re2 Rce8 26. Kg2 Nc8 27. Bd2 Qf6 28. c3 Nd6 29. Ng5 Nc4 30. Bc1 Re7 31. Rf3 Qh8 32.
Rxf8+ Kxf8 33. Nxe6+ Ke8 34. Ng7+ Kd7 35. g5 Qf8 36.
Qh3+ Kd8 37. Ne6+ Rxe6 38. Qxe6 Ne7 39. a4 Qf5 40. Qxf5 Nxf5 41. Bf4 Kd7 42. Be5 a6 43. Bf6 Kc6 44. Re6+ Kc7 45. Re8 b5 46. axb5 axb5 47.
Rh8 Ncd6 48. Rxh7+ Kc6 49. Rh8 Ne4 50. h7 Kd7 51.
Rd8+ Ke6 52. h8=Q Nfd6 53. Qf8 Kf5 54. Qe7 Kg4 55. Rxd6 b4 56. Qe6+ Kf4 57. Qxd5 bxc3 58. Qe5+ Kg4 59. Qxe4+ Kh5 60. Qf3+ Kh4 61. Qh3# 1-0

[Event "*** Titled Tuesday Blitz"]
[Site "Chess.com"]
[Date "2020.10.27"]
[Round "5"]
[White "TomiLen"]
[Black "GigaQuparadze"]
[Result "0-1"]
[WhiteElo "2640"]
[BlackElo "2831"]
[TimeControl "180+1"]
[EndTime "10:57:07 PDT"]
[Termination "GigaQuparadze won on time"]

1. d4 Nf6 2. Bg5 d5 3. e3 g6 4.
Nd2 Bg7 5. Ngf3 O-O 6. Be2 Nbd7 7. O-O Re8 8. c3 e5 9. b4 a5 10. a3 h6 11. Bh4 c6 12. dxe5 Nxe5 13. Nxe5 Rxe5 14.
Nf3 Re8 15. Nd4 Qb6 16. Bxf6 Bxf6 17. Qb3 Kg7 18. Rfd1 Bd7 19. Rab1 axb4 20. axb4 Ra7 21. c4 dxc4 22. Bxc4 Re7 23. g3 Bg4 24. Rd2 h5 25.
Bf1 Ra8 26. h3 Bd7 27. Bg2 Qc7 28. Rc1 Qe5 29. Rc5 Ra1+ 30. Rd1 Rxd1+ 31. Qxd1 Qb8 32. b5 cxb5 33. Nxb5 b6 34. Rd5 Qc8 35. Nd6 Qc7 36. Ne4 Be5 37. Rd2 Bf5 38. Nd6 Be6 39. Nb5 Qc5 40. Nd4 Bd7 41. Rc2 Qb4 42. Nc6 Bxc6 43.
Rxc6 Ra7 44. Rc1 h4 45. gxh4 Qxh4 46. Qd5 Ra5 47. Qe4 Qf6 48. Qf3 Qe6 49. Rd1 b5 50. Qd5 Qe7 51. Rb1 Qc7 52. Rxb5 Bh2+ 53. Kf1 Ra1+ 54.
Ke2 Qc2+ 55. Kf3 Rd1 56. Qb3 Qc6+ 57. e4 Rd2 58. Bf1 Qf6+ 59. Kg4 Rxf2 0-1

[Event "*** Titled Tuesday Blitz"]
[Site "Chess.com"]
[Date "2020.10.27"]
[Round "5"]
[White "Alexsur1981"]
[Black "Andreikka"]
[Result "1-0"]
[WhiteElo "2776"]
[BlackElo "2908"]
[TimeControl "180+1"]
[EndTime "10:57:08 PDT"]
[Termination "Alexsur1981 won on time"]

1. e4 e5 2. f4 d5 3. exd5 exf4 4. Nf3 Nf6 5. Bc4 c6 6. dxc6 Nxc6 7. d4 Bd6 8. O-O O-O 9. c3 Bg4 10. Nbd2 a6 11. a4 Re8 12. Bd3 Bc7 13. Qb3 Be6 14. Qc2 h6 15. Ne4 Nd5 16. Bd2 Ne3 17. Bxe3 fxe3 18. Rae1 Bd5 19. Ng3 Re6 20. Nf5 Bf4 21. g3 Rc8 22. gxf4 Qf6 23. Nxe3 Bxf3 24. Rxf3 Nxd4 25. Qf2 Nxf3+ 26. Qxf3 Rce8 27. Kf2 Rd6 28. Ng2 Red8 29. Re3 g6 30. h4 Rd5 31. Ke2 Qb6 32. b4 Qc7 33. Kd2 Qc4 34. Ne1 Rc8 35.
Ke2 Qa2+ 36. Kf1 Rd6 37. f5 Rf6 38. Qf4 Kg7 39. Qe5 Rd8 40. Rf3 Rd5 41. Qe3 Qh2 42.
fxg6 Qh1+ 43. Ke2 Qh2+ 44. Kd1 Re5 45. Be4 Rd6+ 46. Kc1 f5 47. Rxf5 Re7 48. Rf7+ Rxf7 49. gxf7 Kxf7 50. Nd3 Re6 51. Qf3+ Ke7 52. Bd5 Qg1+ 53.
Kb2 Rf6 54. Qe4+ Kf8 55. Qe5 Rg6 56. Kb3 1-0